Unix NetHack Version 3.7.0-71 Work-in-progress - last build Jan 31 2023 02:41:03 (7ba98a1283f2b7cec35fde026edb48fc825ab8ae,branch:master). Game began 2023-02-11 16:23:11, ended 2023-02-11 18:06:56. spontiff, neutral male gnomish Healer --- --- |. . |.- -.- |.| |.| |.+ +.| |.| |.+ |.--------+------.----------- |.............{....|....|!@m| |.-----+----.......|.._.|...| ..|.. |.......|....|.%.| # |.|. |...[..{|....|@..| | ----.-- |.-|------+-.......---|--+--- ..| |......# 0# ##|.....................).........| |....<| # ######..----|-----....----...%........| |......##########|.| |. |....+ |............| |.....|### # ..+ |.. +....| |............. |.....-# --- ---- ------ -------------- ------- Spontiff the Rhizotomist St:13 Dx:8 Co:16 In:8 Wi:15 Ch:18 Neutral S:250 Dlvl:6 $:0 HP:0(20) Pw:4(4) AC:-5 Xp:1/0 T:3995 Burdened Latest messages: The door resists! You hear some noises in the distance. In what direction? j The door closes. You hear some noises. What do you want to use or apply? [bdjkostwxzELSXZ or ?*] s In what direction? u You hear nothing special. You see here an egg (for sale, 6 zorkmids). You hear some noises in the distance. You see here a fortune cookie (for sale, 5 zorkmids). "For you, esteemed sir; only 5 zorkmids for this fortune cookie." r - a fortune cookie (unpaid, 5 zorkmids). You see here a food ration (for sale, 30 zorkmids). "For you, good sir; only 30 zorkmids for this food ration." G - a food ration (unpaid, 30 zorkmids). You see here 2 berried treasures (for sale, 22 zorkmids). "For you, esteemed sir; only 11 zorkmids per berried treasure." M - 2 berried treasures (unpaid, 22 zorkmids). You see here a food ration (for sale, 30 zorkmids). You have a little trouble lifting a food ration. Continue? [ynq] (q) q You have a little trouble lifting a food ration. Continue? [ynq] (q) y "For you, most gracious sir; only 30 zorkmids for this food ration." You have a little trouble lifting G - a food ration (unpaid, 30 zorkmids) (2 in total). Your movements are slowed slightly because of your load. You see here 2 lembas wafers (for sale, 60 zorkmids). "For you, esteemed sir; only 30 zorkmids per lembas wafer." You have a little trouble lifting O - 2 lembas wafers (unpaid, 60 zorkmids). You see here a lembas wafer (for sale, 30 zorkmids). "For you, honored sir; only 30 zorkmids for this lembas wafer." You have a little trouble lifting O - a lembas wafer (unpaid, 30 zorkmids) (3 in total). Wait! That's a giant mimic! You cannot escape from the giant mimic! You hear some noises in the distance. What do you want to zap? [jwES or ?*] Never mind. You cannot escape from the giant mimic! You cannot escape from the giant mimic! You cannot escape from the giant mimic! You cannot escape from the giant mimic! You cannot escape from the giant mimic! You cannot escape from the giant mimic! The giant mimic hits! The giant mimic hits! You hear the chime of a cash register. The giant mimic hits! You die... Patjitan comes and takes all your possessions. Do you want to see what you had when you died? [ynq] (y) y Do you want to see the dungeon overview? [ynq] (y) y Inventory: Armor h - an uncursed +0 dwarvish iron helm (being worn) g - an uncursed +1 pair of leather gloves (being worn) v - a blessed rustproof +1 pair of iron shoes (being worn) q - a blessed +1 dwarvish cloak (being worn) Q - an uncursed +1 dwarvish cloak Comestibles M - 2 uncursed berried treasures y - an uncursed apple n - 2 uncursed food rations G - 2 uncursed food rations r - an uncursed fortune cookie O - 3 uncursed lembas wafers p - 2 uncursed tripe rations Y - a cursed tin of spinach Scrolls R - an uncursed scroll of confuse monster P - a cursed scroll of destroy armor I - an uncursed scroll of identify l - an uncursed scroll of remove curse Spellbooks z - an uncursed spellbook of detect unseen b - a blessed spellbook of healing Potions D - a blessed potion of booze C - an uncursed potion of booze c - 5 uncursed potions of extra healing K - an uncursed potion of fruit juice B - an uncursed potion of gain level d - a cursed potion of oil F - an uncursed potion of paralysis m - 3 uncursed potions of water named UNC Wands w - an uncursed wand of light (0:13) E - an uncursed wand of locking (0:5) S - an uncursed wand of sleep (0:5) j - an uncursed wand of striking (0:4) Tools L - an uncursed bag of tricks (0:13) Z - a cursed bag of tricks (0:3) t - an uncursed blindfold x - an uncursed brass lantern X - a cursed brass lantern o - an uncursed magic whistle k - a cursed skeleton key s - an uncursed stethoscope Gems/Stones f - an uncursed jade stone N - an uncursed worthless piece of black glass J - an uncursed worthless piece of blue glass u - an uncursed worthless piece of red glass A - an uncursed worthless piece of white glass U - 3 uncursed worthless pieces of yellow glass H - 2 uncursed worthless pieces of yellowish brown glass Spontiff the Healer's attributes: Background: You were a Rhizotomist, a level 1 male gnomish Healer. You were neutral, on a mission for Hermes who was opposed by Athena (lawful) and Poseidon (chaotic). You were in the Gnomish Mines, on level 6. You entered the dungeon 3995 turns ago. You had 0 experience points, 20 were needed to attain level 2. Your score was 250 before end-of-game adjustments. Basics: You had 0 out of 20 hit points. You had all 4 energy points (spell power). Your armor class was -5. Your wallet was empty. Autopickup was on, but temporarily disabled while inside the shop. Final Characteristics: Your strength was 13 (limit:18/50). Your dexterity was 8 (limit:18). Your constitution was 16 (limit:18). Your intelligence was 8 (limit:19). Your wisdom was 15 (peak:16, limit:18). Your charisma was 18 (limit:18). Final Status: You were held by a giant mimic (east). You were not hungry. You were burdened; movement was slightly slowed. You were empty handed. You were unskilled in bare handed combat. Final Attributes: You were devoutly aligned. You were poison resistant. You had infravision. You had a moderate defense bonus (+7). You were warded. You are dead. Miscellaneous: You never encountered a bones level. Total elapsed playing time was 1 hour, 34 minutes and 51 seconds. Major events: Turn 1: spontiff the neutral male gnomish Healer entered the dungeon 1057: entered the Gnomish Mines 3861: reached Mine Town 3995: killed by a giant mimic Vanquished creatures: 2 watchmen a gnomish wizard a floating eye 7 dwarves a wererat an acid blob 3 gas spores 4 hobbits a large kobold a hobgoblin 3 giant rats 4 yellow molds 3 red molds 6 gnomes 2 gnome zombies 3 geckos 15 jackals 2 foxes 3 kobolds 8 goblins 2 sewer rats 14 grid bugs a bat 8 lichens a kobold zombie 21 newts 118 creatures vanquished. No species were genocided or became extinct. Voluntary challenges: You never hit with a wielded weapon. You were a pacifist. You read items or engraved 2 times. You never engraved Elbereth. You never genocided any monsters. You never polymorphed an object. You never changed form. You used no wishes. Achievements: You entered a shop. You entered the Gnomish Mines. You entered Minetown. You entered a temple. The Dungeons of Doom: levels 1 to 3 Level 1: Level 2: A potion shop, some fountains. Stairs down to The Gnomish Mines. Level 3: A general store. The Gnomish Mines: levels 3 to 6 Level 3: Level 4: Level 5: Level 6: <- You were here. A delicatessen, a temple to Hermes, some fountains. Final resting place for you, killed by a giant mimic. Game over: ---------- / \ / REST \ / IN \ / PEACE \ / \ | spontiff | | 0 Au | | killed by a | | giant mimic | | | | | | 2023 | *| * * * | * _________)/\\_//(\/(/\)/\//\/|_)_______ Goodbye spontiff the Healer... You died in The Gnomish Mines on dungeon level 6 with 250 points, and 0 pieces of gold, after 3995 moves. You were level 1 with a maximum of 20 hit points when you died.